General information
- name: BNet
- type: Ladder team game (AT/RT)
- host: Battle.net
- saver: Gobiner
map: Dragonblight
- players: 6
- length: 27:02
- speed: Fast
- version: 1.24 W3XP
- replay type: Public
» download(228 KB)
Players
team 1 (loser)
GiantCacktopuss (
teal | 107 APM | 2877 actions | 26:55)
4 Death Knight
2 Death Coil
2 Unholy Aura
4 Lich
2 Frost Nova
2 Frost Armor
» actions
| Assign group hotkey | 23 | |
| Basic commands | 156 | |
| Build / train | 68 | |
| ESC pressed | 1 | |
| Enter build submenu | 25 | |
| Enter hero's abilities submenu | 9 | |
| Remove unit from queue | 2 | |
| Right click | 1112 | |
| Select / deselect | 402 | |
| Select group hotkey | 1005 | |
| Use ability | 74 | |
2877 total
» units
| Acolyte | 21 | |
| Ghoul | 2 | |
| Crypt Fiend | 13 | |
| Obsidian Statue | 4 | |
| Frost Revenant | 1 | |
| Nerubian Webspinner | 1 | |
| Ice Troll Berserker | 1 | |
| Nerubian Warrior | 1 | |
44 total
» upgrades
» buildings
| Altar of Darkness | 2 | |
| Crypt | 3 | |
| Ziggurat | 8 | |
| Graveyard | 1 | |
| Tomb of Relics | 1 | |
| Nerubian Tower | 2 | |
| Halls of the Dead | 1 | |
| Slaughterhouse | 2 | |
| Spirit Tower | 3 | |
| Black Citadel | 1 | |
| Sacrificial Pit | 1 | |
25 total
» build order
00:07 Altar of Darkness
00:08 Altar of Darkness
00:11 Crypt
00:12 Crypt
00:14 Ziggurat
00:44 Graveyard
01:27 Tomb of Relics
01:37 Ziggurat
02:25 Crypt
02:50 Nerubian Tower
04:17 Ziggurat
05:01 Halls of the Dead
05:49 Ziggurat
07:41 Slaughterhouse
08:53 Spirit Tower
08:55 Spirit Tower
10:43 Ziggurat
11:28 Ziggurat
14:58 Nerubian Tower
15:00 Spirit Tower
15:12 Ziggurat
15:13 Ziggurat
15:57 Black Citadel
16:31 Slaughterhouse
17:35 Sacrificial Pit
» items
| Rod of Necromancy | 1 | |
| Circlet of Nobility | 2 | |
3 total
Grappler (
red | 93 APM | 2494 actions | 26:55)
4 Tauren Chieftain
2 War Stomp
2 Endurance Aura
» actions
| Assign group hotkey | 77 | |
| Basic commands | 339 | |
| Build / train | 52 | |
| Enter build submenu | 19 | |
| Enter hero's abilities submenu | 4 | |
| Give item / drop item | 1 | |
| Right click | 1127 | |
| Select / deselect | 272 | |
| Select group hotkey | 484 | |
| Use ability | 119 | |
2494 total
» units
| Peon | 8 | |
| Grunt | 7 | |
| Demolisher | 8 | |
| Raider | 7 | |
30 total
» upgrades
| Pillage | 1 | |
| Ranged Weapons | 3 | |
| Ensnare | 1 | |
| Burning Oil | 1 | |
| Reinforced Defenses | 1 | |
7 total
» buildings
| Altar of Storms | 1 | |
| Orc Burrow | 5 | |
| Barracks | 1 | |
| Voodoo Lounge | 2 | |
| Stronghold | 1 | |
| War Mill | 1 | |
| Beastiary | 2 | |
| Fortress | 1 | |
| Watch Tower | 6 | |
20 total
» build order
00:06 Altar of Storms
00:09 Orc Burrow
00:50 Barracks
01:24 Orc Burrow
01:47 Voodoo Lounge
04:05 Voodoo Lounge
04:19 Orc Burrow
04:44 Orc Burrow
05:05 Stronghold
06:10 War Mill
07:41 Beastiary
07:43 Fortress
09:31 Beastiary
10:53 Orc Burrow
15:59 Watch Tower
16:01 Watch Tower
16:04 Watch Tower
16:13 Watch Tower
16:55 Watch Tower
16:57 Watch Tower
» items
| Scroll of Speed | 1 | |
| Healing Salve | 2 | |
| Lesser Clarity Potion | 1 | |
| Boots of Speed | 1 | |
| Scroll of Town Portal | 2 | |
| Orb of Lightning | 1 | |
8 total
Numbuh_Eight (
blue | 110 APM | 2972 actions | 27:01)
4 Priestess of the Moon
2 Scout
2 Trueshot Aura
» actions
| Assign group hotkey | 35 | |
| Basic commands | 223 | |
| Build / train | 71 | |
| ESC pressed | 1 | |
| Enter build submenu | 30 | |
| Enter hero's abilities submenu | 4 | |
| Give item / drop item | 2 | |
| Remove unit from queue | 1 | |
| Right click | 1349 | |
| Select / deselect | 435 | |
| Select group hotkey | 744 | |
| Use ability | 77 | |
2972 total
» units
| Wisp | 28 | |
| Huntress | 16 | |
| Blue Drake | 1 | |
| Hippogryph | 4 | |
| Blue Dragon | 1 | |
| Chimaera | 4 | |
54 total
» upgrades
| Moon Armor | 2 | |
| Sentinel | 1 | |
| Strength of the Wild | 3 | |
| Corrosive Breath | 1 | |
7 total
» buildings
| Altar of Elders | 1 | |
| Moon Well | 8 | |
| Hunter's Hall | 2 | |
| Ancient of War | 2 | |
| Ancient Protector | 4 | |
| Tree of Ages | 3 | |
| Tree of Life | 2 | |
| Tree of Eternity | 1 | |
| Ancient of Wind | 4 | |
| Chimaera Roost | 3 | |
30 total
» build order
00:20 Altar of Elders
00:33 Moon Well
02:19 Hunter's Hall
02:29 Ancient of War
02:32 Ancient of War
02:34 Moon Well
03:04 Moon Well
04:17 Moon Well
07:37 Ancient Protector
07:41 Tree of Ages
07:41 Tree of Ages
10:26 Tree of Life
10:34 Moon Well
10:35 Tree of Eternity
10:39 Moon Well
13:59 Ancient of Wind
14:12 Ancient of Wind
14:24 Ancient of Wind
14:41 Ancient Protector
14:47 Ancient Protector
15:27 Ancient of Wind
15:32 Chimaera Roost
15:48 Chimaera Roost
16:01 Chimaera Roost
16:38 Hunter's Hall
17:29 Moon Well
20:18 Tree of Life
20:38 Moon Well
20:43 Ancient Protector
team 2 (winner)
cum.2ez (
pink | 105 APM | 2849 actions | 27:01)
4 Blood Mage
2 Flame Strike
2 Siphon Mana
3 Mountain King
2 Storm Bolt
1 Bash
3 Paladin
2 Holy Light
1 Divine Shield
» actions
| Assign group hotkey | 20 | |
| Basic commands | 28 | |
| Build / train | 100 | |
| ESC pressed | 3 | |
| Enter build submenu | 62 | |
| Enter hero's abilities submenu | 10 | |
| Give item / drop item | 14 | |
| Right click | 1151 | |
| Select / deselect | 278 | |
| Select group hotkey | 962 | |
| Use ability | 221 | |
2849 total
» units
| Peasant | 17 | |
| Goblin Zeppelin | 4 | |
| Sorceress | 3 | |
| Priest | 3 | |
27 total
» upgrades
| Masonry | 3 | |
| Magic Sentry | 1 | |
| Sorceress Training | 2 | |
6 total
» buildings
| Altar of Kings | 1 | |
| Farm | 8 | |
| Lumber Mill | 1 | |
| Scout Tower | 62 | |
| Guard Tower | 24 | |
| Keep | 2 | |
| Arcane Vault | 1 | |
| Arcane Tower | 4 | |
| Castle | 1 | |
| Arcane Sanctum | 1 | |
| Town Hall | 2 | |
107 total
» build order
00:11 Altar of Kings
00:22 Farm
01:00 Farm
01:02 Lumber Mill
01:42 Farm
02:10 Scout Tower
02:31 Scout Tower
02:32 Scout Tower
03:04 Guard Tower
03:07 Scout Tower
03:08 Scout Tower
03:47 Scout Tower
03:48 Scout Tower
03:49 Guard Tower
03:53 Scout Tower
04:32 Keep
04:32 Keep
04:40 Scout Tower
04:42 Scout Tower
04:53 Arcane Vault
05:11 Scout Tower
05:13 Arcane Tower
05:15 Guard Tower
05:27 Scout Tower
06:29 Scout Tower
06:29 Scout Tower
06:32 Scout Tower
06:33 Guard Tower
06:48 Scout Tower
06:50 Scout Tower
06:51 Scout Tower
06:51 Scout Tower
06:57 Castle
07:22 Guard Tower
07:25 Scout Tower
07:37 Arcane Sanctum
07:42 Farm
07:43 Farm
07:57 Guard Tower
09:58 Guard Tower
09:58 Guard Tower
10:35 Scout Tower
10:35 Scout Tower
10:35 Scout Tower
10:44 Arcane Tower
11:01 Scout Tower
11:17 Farm
12:38 Guard Tower
12:40 Farm
12:41 Farm
15:28 Scout Tower
15:28 Scout Tower
15:29 Scout Tower
15:30 Scout Tower
15:31 Scout Tower
15:35 Scout Tower
15:35 Scout Tower
15:36 Scout Tower
15:36 Scout Tower
15:36 Scout Tower
16:06 Arcane Tower
17:00 Guard Tower
17:08 Guard Tower
17:08 Guard Tower
17:08 Guard Tower
17:11 Town Hall
17:13 Scout Tower
17:13 Scout Tower
17:14 Scout Tower
17:15 Scout Tower
17:46 Guard Tower
17:47 Scout Tower
17:58 Scout Tower
17:59 Scout Tower
17:59 Scout Tower
18:48 Guard Tower
18:53 Arcane Tower
19:02 Scout Tower
23:00 Scout Tower
23:01 Scout Tower
23:02 Guard Tower
24:57 Town Hall
24:58 Scout Tower
24:58 Scout Tower
24:59 Scout Tower
24:59 Scout Tower
25:11 Guard Tower
25:12 Scout Tower
25:13 Scout Tower
25:20 Scout Tower
25:21 Scout Tower
25:21 Scout Tower
25:22 Scout Tower
25:23 Scout Tower
25:23 Scout Tower
25:24 Scout Tower
25:25 Scout Tower
25:26 Scout Tower
25:27 Scout Tower
25:28 Guard Tower
27:00 Guard Tower
27:00 Guard Tower
» items
| Scroll of Regeneration | 1 | |
| Potion of Healing | 3 | |
| Staff of Sanctuary | 3 | |
| Scroll of Town Portal | 3 | |
| Lesser Clarity Potion | 3 | |
| Healing Salve | 1 | |
| Orb of Lightning | 2 | |
| Boots of Speed | 2 | |
| Staff of Teleportation | 2 | |
| Circlet of Nobility | 2 | |
| Potion of Mana | 1 | |
23 total
Gobiner (
green | 64 APM | 1722 actions | 27:02)
5 Blademaster
3 Wind Walk
2 Critical Strike
» actions
| Assign group hotkey | 11 | |
| Basic commands | 18 | |
| Build / train | 72 | |
| ESC pressed | 4 | |
| Enter build submenu | 35 | |
| Enter hero's abilities submenu | 5 | |
| Give item / drop item | 5 | |
| Right click | 903 | |
| Select / deselect | 175 | |
| Select group hotkey | 363 | |
| Use ability | 131 | |
1722 total
» units
» upgrades
| Spiked Barricades | 3 | |
| Liquid Fire | 1 | |
| Ranged Weapons | 3 | |
| Armor | 2 | |
| Troll Regeneration | 1 | |
| Burning Oil | 1 | |
11 total
» buildings
| Altar of Storms | 1 | |
| Orc Burrow | 4 | |
| War Mill | 1 | |
| Watch Tower | 28 | |
| Voodoo Lounge | 2 | |
| Stronghold | 3 | |
| Fortress | 1 | |
| Beastiary | 2 | |
| Barracks | 1 | |
| Great Hall | 1 | |
44 total
» build order
00:08 Altar of Storms
00:17 Orc Burrow
00:30 War Mill
01:54 Watch Tower
02:01 Orc Burrow
02:14 Watch Tower
02:44 Watch Tower
03:04 Voodoo Lounge
03:27 Watch Tower
04:12 Watch Tower
04:16 Stronghold
04:17 Stronghold
04:17 Stronghold
05:13 Watch Tower
05:24 Watch Tower
06:27 Watch Tower
06:29 Watch Tower
06:38 Fortress
06:44 Beastiary
06:45 Beastiary
06:51 Orc Burrow
06:52 Orc Burrow
07:25 Watch Tower
07:37 Watch Tower
09:05 Watch Tower
09:10 Watch Tower
10:23 Watch Tower
10:25 Watch Tower
11:40 Watch Tower
11:44 Voodoo Lounge
13:45 Watch Tower
16:00 Barracks
16:55 Watch Tower
16:57 Watch Tower
16:57 Watch Tower
16:59 Watch Tower
17:00 Watch Tower
17:01 Watch Tower
22:01 Watch Tower
22:02 Watch Tower
22:03 Watch Tower
26:06 Great Hall
26:30 Watch Tower
» items
| Staff of Teleportation | 2 | |
| Boots of Speed | 2 | |
| Healing Salve | 5 | |
| Lesser Clarity Potion | 5 | |
| Orb of Lightning | 1 | |
15 total
MrFrosty (
yellow | 118 APM | 3177 actions | 27:01)
4 Archmage
2 Blizzard
2 Brilliance Aura
3 Mountain King
2 Storm Bolt
1 Bash
2 Paladin
1 Holy Light
1 Divine Shield
» actions
| Assign group hotkey | 28 | |
| Basic commands | 36 | |
| Build / train | 105 | |
| ESC pressed | 3 | |
| Enter build submenu | 57 | |
| Enter hero's abilities submenu | 10 | |
| Give item / drop item | 8 | |
| Right click | 1836 | |
| Select / deselect | 459 | |
| Select group hotkey | 453 | |
| Use ability | 182 | |
3177 total
» units
| Peasant | 24 | |
| Priest | 2 | |
| Nerubian Webspinner | 2 | |
| Sorceress | 4 | |
| Nerubian Warrior | 1 | |
33 total
» upgrades
| Masonry | 2 | |
| Lumber Harvesting | 2 | |
| Magic Sentry | 1 | |
| Sorceress Training | 2 | |
| Priest Training | 2 | |
9 total
» buildings
| Altar of Kings | 1 | |
| Farm | 7 | |
| Lumber Mill | 1 | |
| Scout Tower | 69 | |
| Arcane Tower | 12 | |
| Guard Tower | 23 | |
| Keep | 1 | |
| Arcane Vault | 2 | |
| Town Hall | 1 | |
| Arcane Sanctum | 1 | |
| Castle | 1 | |
119 total
» build order
00:05 Altar of Kings
00:19 Farm
00:40 Lumber Mill
01:01 Scout Tower
01:30 Arcane Tower
01:33 Farm
01:42 Scout Tower
02:10 Scout Tower
02:27 Guard Tower
02:41 Scout Tower
02:43 Guard Tower
03:58 Guard Tower
04:00 Scout Tower
04:00 Scout Tower
04:05 Farm
04:31 Farm
04:34 Arcane Tower
04:35 Scout Tower
05:57 Guard Tower
05:58 Scout Tower
06:01 Keep
06:07 Scout Tower
06:24 Arcane Vault
06:27 Guard Tower
06:28 Scout Tower
06:34 Town Hall
06:36 Arcane Tower
06:46 Farm
06:48 Farm
06:58 Arcane Tower
07:00 Scout Tower
07:10 Scout Tower
07:33 Guard Tower
07:35 Scout Tower
08:21 Scout Tower
08:31 Scout Tower
08:48 Guard Tower
08:57 Scout Tower
09:15 Guard Tower
09:24 Arcane Sanctum
09:39 Scout Tower
09:41 Scout Tower
09:47 Castle
10:19 Guard Tower
10:21 Arcane Tower
10:28 Scout Tower
10:31 Scout Tower
11:23 Guard Tower
11:39 Scout Tower
11:43 Scout Tower
11:43 Scout Tower
11:44 Scout Tower
11:46 Scout Tower
11:46 Scout Tower
11:47 Scout Tower
13:51 Guard Tower
13:55 Scout Tower
13:55 Scout Tower
13:56 Scout Tower
13:57 Scout Tower
13:58 Scout Tower
13:59 Scout Tower
13:59 Scout Tower
14:32 Guard Tower
14:39 Guard Tower
14:48 Arcane Vault
15:07 Guard Tower
15:52 Scout Tower
16:42 Scout Tower
16:43 Scout Tower
16:44 Scout Tower
16:45 Guard Tower
16:48 Scout Tower
16:55 Arcane Tower
17:03 Scout Tower
17:24 Arcane Tower
17:25 Scout Tower
17:26 Guard Tower
17:28 Scout Tower
17:28 Scout Tower
17:55 Guard Tower
17:58 Scout Tower
18:01 Scout Tower
18:01 Scout Tower
18:04 Scout Tower
18:05 Scout Tower
18:06 Arcane Tower
18:09 Scout Tower
18:09 Scout Tower
18:11 Scout Tower
18:13 Scout Tower
18:15 Scout Tower
18:15 Scout Tower
18:16 Scout Tower
18:33 Arcane Tower
18:35 Guard Tower
18:58 Arcane Tower
18:59 Guard Tower
19:05 Guard Tower
19:39 Guard Tower
19:47 Arcane Tower
20:03 Scout Tower
20:03 Scout Tower
20:04 Scout Tower
20:04 Scout Tower
20:35 Guard Tower
25:14 Scout Tower
25:14 Scout Tower
25:40 Farm
25:43 Scout Tower
25:51 Scout Tower
25:52 Scout Tower
26:14 Arcane Tower
26:15 Scout Tower
26:16 Scout Tower
26:19 Scout Tower
26:20 Scout Tower
26:21 Scout Tower
26:32 Guard Tower
» items
| Scroll of Regeneration | 3 | |
| Potion of Healing | 2 | |
| Staff of Sanctuary | 3 | |
| Boots of Speed | 2 | |
| Staff of Teleportation | 1 | |
| Periapt of Vitality | 1 | |
| Circlet of Nobility | 1 | |
| Orb of Fire | 1 | |
14 total
Chat log
(01:04 / All) MrFrosty: and medicare secret police making a mess of your cigarette stash
(01:16 / All) Numbuh_Eight: i smoke weed anyway
(01:42 / All) Numbuh_Eight: who "stashes" cigarettes?
(01:53 / All) MrFrosty: me
(01:56 / All) cum.2ez: please dont talk blue
(02:04 / All) cum.2ez: mm2
(02:10 / All) Numbuh_Eight: i'm gonna stick it in your butt so hard
(02:18 / All) Grappler: maybe play wc3 after
(02:30 / All) Gobiner: you're better start stashing them if you don't want obama's healthcare nazis to smash them up
(02:44 / All) Grappler: yea down with nazi america
(20:22 / Allies) cum.2ez: lol
(23:18 / All) cum.2ez: u can leave now
(24:08 / All) MrFrosty: dead noob dragon
(25:05 / All) cum.2ez: w0w
(25:09 / All) cum.2ez: 2ez?
(26:55 / All) Gobiner: at this point unlikely i will ever get the chance 2 "shake my stuff" on MTV's The Grind